 Dungeon Crawl Stone Soup version 0.31-a0-175-g9f7f995f2b (webtiles) character file.

Game seed: 11543945151272453913

21 Moral the Caller (level 2, 0/19 HPs)
             Began as a Barachi Summoner on June 17, 2023.
             Slain by a quokka (2 damage)
             ... on level 2 of the Dungeon.
             The game lasted 00:03:15 (1009 turns).

Moral the Caller (Barachi Summoner)                 Turns: 1009, Time: 00:03:16

Health: 0/19       AC:  2    Str:  9    XL:     2   Next: 87%
Magic:  3/5        EV: 12    Int: 15    God:
Gold:   79         SH:  0    Dex: 12    Spells: 5/6 levels left

rFire   . . .        k - +0 spear
rCold   . . .        (no shield)
rNeg    . . .        a - +0 robe
rPois   .            (no helmet)
rElec   .            (no cloak)
rCorr   .            (no gloves)
SInv    .            (no boots)
Will    .....        (no amulet)
Stlth   ++           (no ring)
HPRegen 0.23/turn    (no ring)
MPRegen 0.09/turn

%: no passive effects
@: lethally poisoned (0 -> -6), slow
A: amphibious, slowness 1, strong legs 1, +LOS
a: Hop


You were on level 2 of the Dungeon.
You visited 1 branch of the dungeon, and saw 2 of its levels.

You collected 79 gold pieces.

Inventory:

Hand Weapons
 k - a +0 spear (weapon)
Armour
 a - a +0 robe (worn)
Scrolls
 c - 4 scrolls of identify {unknown}
 d - a scroll of poison {unknown}
 g - a scroll of immolation {unknown}
 h - a scroll of vulnerability {unknown}
 i - 2 scrolls of fear {unknown}
 j - a scroll of revelation {unknown}
Potions
 b - a potion of magic
 e - 3 potions of curing {unknown}
 f - a potion of attraction {unknown}


   Skills:
 * Level 2.6 Dodging
 + Level 2.0 Stealth
 * Level 2.6 Spellcasting
 * Level 5.1 Summonings


You had 5 spell levels left.
You knew the following spells:

 Your Spells              Type           Power      Damage    Failure   Level
a - Summon Small Mammal   Summ           68%        N/A       2%          1

Your spell library contained the following spells:

 Spells                   Type           Power      Damage    Failure   Level
 Call Imp                 Summ           34%        N/A       3%          2
 Call Canine Familiar     Summ           17%        N/A       8%          3
 Summon Guardian Golem    Hex/Summ       9%         N/A       22%         3
 Summon Lightning Spire   Summ/Air       9%         N/A       58%         4


Dungeon Overview and Level Annotations

Branches:
Dungeon (2/15)

Altars:


Innate Abilities, Weirdness & Mutations

You are amphibious.
You cover ground slowly.
You can hop short distances.
You have an extended range of vision and can be seen from far away.


Message History

The quokka bites you. The adder bites you but does no damage.
You hit the adder but do no damage.
The adder is moderately wounded.
The quokka closely misses you. The adder closely misses you.
The quokka closely misses you. The adder closely misses you.
You miss the adder.
The adder is moderately wounded.
The quokka barely misses you. The adder bites you.
You hit the adder but do no damage.
The adder is moderately wounded.
The adder bites you but does no damage. The quokka closely misses you.
You swap places.
The adder bites your quokka.
Your quokka completely misses the quokka.
The quokka closely misses your quokka. The adder misses your quokka.
Your quokka bites the adder.
The quokka misses your quokka. The adder closely misses your quokka.
Your quokka misses the adder. The quokka bites your quokka.
Your quokka dies!
Your quokka's corpse disappears in a puff of smoke!
The adder hisses angrily.
Your quokka disappears in a puff of smoke!
The adder bites you but does no damage. The adder barely misses you.
The quokka closely misses you.
Casting: Summon Small Mammal (safe; 2% risk of failure)
Confirm with . or Enter, or press ? or * to list all spells.
The adder misses you. The quokka closely misses you. The adder misses you.
Casting: Summon Small Mammal (safe; 2% risk of failure)
Confirm with . or Enter, or press ? or * to list all spells.
The quokka bites you.
* * * LOW HITPOINT WARNING * * *
The adder barely misses you.
You closely miss the adder. You punch the adder.
The adder is almost dead.
The quokka misses you. The adder bites you.
* * * LOW HITPOINT WARNING * * *
You are lethally poisoned!
The adder poisons you!
Your quokka bites the adder.
The adder dies!
The quokka bites you.
You die...

#.# ## #.# ##(#
#.# #...# #.#
#.##....## #.#.#
#.##.....###.#.#
#.# #.....#ยง..#
### #(#
#...r...# ..#
#.#
##.@r########
#.# #.#
##.r.....$.. #.#
#.# #..#######.
#.# #.# #..##
#.# ##.##
#...###
####.###.#.##
##....#
........###.#
#..#.# #
####.###.#..#
#..#.#####.## #
#.#....#.#
#............


You could see a quokka (ally target), a friendly quokka (summoned) and a
friendly rat (summoned).

Vanquished Creatures (collateral kills)
  An adder (D:2)
  A worm (D:2)
  A dart slug (D:2)
  A ball python (D:1)
  3 endoplasms
  A giant cockroach (D:1)
  3 hobgoblins (D:1)
  4 bats
15 creatures vanquished.

Notes
Turn   | Place    | Note
-------+----------+-------------------------------------------
     0 | D:1      | Moral the Barachi Summoner began the quest for the Orb.
     0 | D:1      | Reached XP level 1. HP: 13/13 MP: 3/3
   313 | D:1      | Reached skill level 5 in Summonings
   313 | D:1      | Reached XP level 2. HP: 19/19 MP: 1/5
  1009 | D:2      | Slain by a quokka

Illustrated notes

Levels and vault maps discovered:
D:1:      dreamdust_arrival_beginning_and_end, layout_basic,
          chequers_serial_rivers_micro_c
D:2:      minmay_inner_zag, layout_loops_ring, nicolae_figureground_sparkle

Skill      XL: |  1  2 |
---------------+-------+-----
Summonings     | 5 |  5.1
Stealth        | 2 |  2.0
Dodging        | |  2.6
Spellcasting   | |  2.6

Action                     || total
---------------------------++-------
  Melee: Unarmed           ||    39
         Spear             ||    21
         Punch             ||     1
   Cast: Summon Small Mamm ||    34
Ability: Hop               ||     1
   Stab: Sleeping          ||     1
 Armour: Robe              ||    42
  Dodge: Dodged            ||    91

Table legend: (Time is in decaauts)
 A = Elapsed time spent in this place.
 B = Non-inter-level travel time spent in this place.
 C = Inter-level travel time spent in this place.
 D = Time resting spent in this place.
 E = Time spent auto-exploring this place.
 F = Levels seen in this place.
 G = Mean time per level.
                   A        B        C        D        E       F      G
               +--------+--------+--------+--------+--------+-----+--------+
         Total |   1152 |   1152 |      0 |      0 |    675 |   2 |  576.0 |
       Dungeon |   1152 |   1152 |      0 |      0 |    675 |   2 |  576.0 |
               +--------+--------+--------+--------+--------+-----+--------+

Top non-repeatable levels by time:
     D:1: 790 daAuts
     D:2: 362 daAuts
